 Dungeon Crawl Stone Soup version 0.30-a0-1112-gfb780f5df6 (webtiles) character file.

Game seed: 8363008165889405950

1806744 cforsyth the Sorcerer (level 27, 184/245 HPs)
             Began as a Mummy Summoner on Apr 17, 2023.
             Was the Champion of Ashenzari.
             Escaped with the Orb
             ... and 4 runes on Apr 19, 2023!
             The game lasted 06:36:19 (117436 turns).

cforsyth the Sorcerer (Mummy Summoner)            Turns: 117436, Time: 06:36:19

Health: 184/245    AC: 32    Str:  9 (10) XL:     27
Magic:  54/54      EV: 24    Int: 40      God:    Ashenzari [******]
Gold:   9187       SH:  0    Dex: 16      Spells: 15/80 levels left

rFire   + + +      SeeInvis +    I - staff of death "Celestial Anxiety" (curse) {Drain rElec rPois rF+ rN+ Dex+2, Elem, Comp} (curse)
rCold   + + .      Faith    +    d - orb of Ashenzari's Regret {light, Fort, Cun} (curse)
rNeg    + + +      Spirit   .    C - +8 faerie dragon scales {rCorr HP-4 Str-4 Int+5, Elem, Fort} (curse) rPois โˆž Reflect .
                                 O - +2 helmet of the Eye in the Sky {Int+3, Comp, Melee} (curse)
rElec   +          Rampage  .    h - +2 cloak of the Mantic Boredom {Stlth+, Self, Range} (curse)
rCorr   +          Clarity  +    M - +2 pair of gloves "Manifest Failure" {Comp, Cun} (curse)
Will    +++..                    a - +0 pair of boots of Cremastomancy {Drain rF++ Str+2 Stlth+, Fort, Self} (curse)
Stlth   +                        x - amulet "Ruined Together" {RegenMP rC+ rN+ Regen+ Slay+2, Fort, Evo} (curse)
HPRegen 1.40/turn                j - ring of the Profound Comet {Int+6, Bglg, Comp} (curse)
MPRegen 0.74/turn                g - ring "Astrological Relativism" {rF+, Self, Bglg} (curse)

@: glowing, studying 4 skills
A: cold resistance 1, negative energy resistance 3, torment resistance 2, heat
vulnerability 1, in touch with death 2, no potions, faith
0: Orb of Zot
}: 4/15 runes: serpentine, barnacled, slimy, silver
a: Renounce Religion, Shatter the Chains


You escaped.
You worshipped Ashenzari.
Ashenzari was exalted by your worship.
You visited 13 branches of the dungeon, and saw 57 of its levels.
You visited the Abyss 1 time.
You visited 2 bazaars.
You also visited: Ossuary and Gauntlet.

You collected 11159 gold pieces.
You spent 1972 gold pieces at shops.

Inventory:

Armour
 a - the cursed +0 pair of boots of Cremastomancy (worn) {Drain rF++ Str+2 Stlth+, Fort, Self}
   (You bought it in a shop in a bazaar)

   Str:       It affects your strength (+2).
   rF:        It greatly protects you from fire.
   Drain:     It drains your maximum health when unequipped.
   Stlth:     It makes you more stealthy.
   It has a curse which improves the following skills: Fortitude: Armour and
   Shields.
   Introspection: Fighting and Spellcasting.
 d - the cursed orb of Ashenzari's Regret (worn) {light, Fort, Cun}
   (You found it on level 14 of the Dungeon)

   It has a curse which improves the following skills: Fortitude: Armour and
   Shields.
   Cunning:   Dodging and Stealth.
 h - the cursed +2 cloak of the Mantic Boredom (worn) {Stlth+, Self, Range}
   (You found it on level 12 of the Dungeon)

   It has a curse which improves the following skills: Introspection: Fighting
   and Spellcasting.
   Ranged Combat: Ranged Weapons and Throwing.
 u - quicksilver dragon scales
 C - the cursed +8 faerie dragon scales (worn) {rCorr HP-4 Str-4 Int+5, Elem, Fort}
   (You took it off the Enchantress on level 3 of the Depths)

   Str:       It affects your strength (-4).
   Int:       It affects your intelligence (+5).
   HP:        It affects your health (-4).
   rCorr:     It protects you from acid and corrosion.
   It has a curse which improves the following skills: Elements: Fire Magic, Ice
   Magic, Air Magic and Earth Magic.
   Fortitude: Armour and Shields.
 M - the cursed +2 pair of gloves "Manifest Failure" (worn) {Comp, Cun}
   (You found it on level 4 of the Lair of Beasts)

   It has a curse which improves the following skills: Companions: Summonings
   and Necromancy.
   Cunning:   Dodging and Stealth.
 O - the cursed +2 helmet of the Eye in the Sky (worn) {Int+3, Comp, Melee}
   (You found it on level 5 of the Vaults)

   It has a curse which improves the following skills: Companions: Summonings
   and Necromancy.
   Melee Combat: Short Blades, Long Blades, Axes, Maces & Flails, Polearms,
   Staves and Unarmed Combat.
Magical Staves
 I - the cursed staff of death "Celestial Anxiety" (weapon) {Drain rElec rPois rF+ rN+ Dex+2, Elem, Comp}
   (You found it on level 5 of the Vaults)

   [staff of death]

   Base accuracy: +5 Base damage: 5 Base attack delay: 1.2 This weapon's minimum
   attack delay (0.6) is reached at skill level 12.
   Dex:       It affects your dexterity (+2).
   rF:        It protects you from fire.
   rElec:     It insulates you from electricity.
   rPois:     It protects you from poison.
   rN:        It protects you from negative energy.
   Drain:     It drains your maximum health when unequipped.
   It falls into the 'Staves' category.
   It is a one-handed weapon.
   It has a curse which improves the following skills: Elements: Fire Magic, Ice
   Magic, Air Magic and Earth Magic.
   Companions: Summonings and Necromancy.
Jewellery
 g - the cursed ring "Astrological Relativism" (right hand) {rF+, Self, Bglg}
   (You found it on level 2 of the Dungeon)

   [ring of protection from fire]

   rF:        It protects you from fire.
   It has a curse which improves the following skills: Introspection: Fighting
   and Spellcasting.
   Beguiling: Conjurations, Hexes and Translocations.
 j - the cursed ring of the Profound Comet (left hand) {Int+6, Bglg, Comp}
   (You found it on level 6 of the Dungeon)

   [ring of intelligence]

   Int:       It affects your intelligence (+6).
   It has a curse which improves the following skills: Beguiling: Conjurations,
   Hexes and Translocations.
   Companions: Summonings and Necromancy.
 q - a ring of magical power
 t - a ring of willpower
 v - the ring "Cimaf" {rC+ Str+10 Int+3 Dex-2}
   (You found it on level 2 of the Realm of Zot)

   [ring of protection from cold]

   Str:       It affects your strength (+10).
   Int:       It affects your intelligence (+3).
   Dex:       It affects your dexterity (-2).
   rC:        It protects you from cold.
 w - the ring "Doifi" {rPois rCorr Str+4 Int+6 Dex-4}
   (You found it on level 5 of the Pits of Slime)

   [ring of intelligence]

   Str:       It affects your strength (+4).
   Int:       It affects your intelligence (+6).
   Dex:       It affects your dexterity (-4).
   rPois:     It protects you from poison.
   rCorr:     It protects you from acid and corrosion.
 x - the cursed amulet "Ruined Together" (around neck) {RegenMP rC+ rN+ Regen+ Slay+2, Fort, Evo}
   (You took it off a deep elf demonologist on level 4 of the Depths)

   [amulet of magic regeneration]

   It increases your rate of magic regeneration.
   Slay:      It affects your accuracy & damage with ranged weapons and melee
   (+2).
   rC:        It protects you from cold.
   rN:        It protects you from negative energy.
   Regen:     It increases your rate of health regeneration.
   It has a curse which improves the following skills: Fortitude: Armour and
   Shields.
   Evocations: Evocations.
 y - a ring of protection from cold
 z - the ring of Kialisuy {Ice rElec Will+ Str-2 Int+6}
   (You took it off a draconian stormcaller on level 4 of the Realm of Zot)

   [ring of ice]

   It enhances your ice magic.
   Str:       It affects your strength (-2).
   Int:       It affects your intelligence (+6).
   rF:        It makes you vulnerable to fire.
   rC:        It protects you from cold.
   rElec:     It insulates you from electricity.
   Will:      It increases your willpower.
 G - a ring of flight
 K - a ring of protection from fire
 Q - a ring of flight
 R - a +6 ring of dexterity
 S - a ring of wizardry
 T - a +4 ring of protection
 U - an amulet of magic regeneration
 W - a +4 ring of protection
 Y - a ring of resist corrosion
 Z - a ring of willpower
Wands
 c - a wand of roots (65)
 k - a wand of flame (144)
 o - a wand of paralysis (59)
 H - a wand of quicksilver (24)
 N - a wand of mindburst (69)
 P - a wand of polymorph (20)
 V - a wand of digging (11)
Scrolls
 b - 13 scrolls of poison
 e - 12 scrolls of immolation
 f - 10 scrolls of enchant armour
 i - 9 scrolls of fear
 l - 13 scrolls of enchant weapon
 m - 13 scrolls of teleportation
 n - 4 scrolls of blinking
 p - 5 scrolls of amnesia
 r - 3 scrolls of torment
 s - 7 scrolls of fog
 A - 6 scrolls of brand weapon
 B - a scroll of silence
 L - 10 scrolls of magic mapping
 X - 2 scrolls of summoning
Miscellaneous
 D - a condenser vane


   Skills:
 + Level 23.0(27) Fighting
 + Level 12.7(18.4) Armour
 + Level 20.8(24.0) Dodging
 + Level 12.2(15.8) Stealth
 - Level 9.0(14.6) Shields
 - Level 25.2(27) Spellcasting
 - Level 9.7(13.3) Conjurations
 + Level 22.3(27) Summonings
 - Level 10.5(16.2) Necromancy
 - Level 3.0(6.0) Air Magic
 - Level 9.3(12.9) Earth Magic


You had 15 spell levels left.
You knew the following spells:

 Your Spells              Type           Power      Damage    Failure   Level
a - Summon Mana Viper     Hex/Summ       100%       N/A       1%          5
c - Call Canine Familiar  Summ           100%       N/A       0%          3
d - Summon Guardian Gole  Hex/Summ       100%       N/A       0%          3
e - Summon Lightning Spi  Summ/Air       100%       N/A       0%          4
f - Summon Ice Beast      Ice/Summ       100%       N/A       0%          4
g - Spellforged Servitor  Conj/Summ      60%        N/A       1%          7
h - Stone Arrow           Conj/Erth      100%       3d13      0%          3
i - Iron Shot             Conj/Erth      51%        9d10      1%          6
j - Borgnjor's Vile Clut  Necr/Erth      91%        N/A       1%          5
k - Lehudib's Crystal Sp  Conj/Erth      51%        10d12     13%         8
l - Summon Horrible Thin  Summ           66%        N/A       1%          8
m - Dragon's Call         Summ           66%        N/A       1%          9

Your spell library contained the following spells:

 Spells                   Type           Power      Damage    Failure   Level
 Magic Dart               Conj           100%       1d8       0%          1
 Necrotise                Necr           100%       1d9       0%          1
 Sandblast                Erth           100%       2d20      0%          1
 Shock                    Conj/Air       100%       1d9       0%          1
 Summon Small Mammal      Summ           100%       N/A       0%          1
 Call Imp                 Summ           100%       N/A       0%          2
 Animate Armour           Summ/Erth      100%       N/A       0%          4
 Animate Dead             Necr           100%       N/A       0%          4
 Dispel Undead            Necr           100%       3d31      0%          4
 Agony                    Necr           100%       N/A       0%          5
 Summon Cactus Giant      Summ           66%        N/A       0%          6
 Summon Hydra             Summ           66%        N/A       0%          7
 Apportation              Tloc           100%       N/A       1%          1
 Foxfire                  Conj/Fire      100%       2x1d9     1%          1
 Sting                    Tmut/Pois      100%       1d8       1%          1
 Blink                    Tloc           100%       N/A       1%          2
 Cigotuvi's Dreadful Rot  Necr/Pois/Air  100%       N/A       1%          2
 Lesser Beckoning         Tloc           100%       N/A       1%          2
 Momentum Strike          Conj/Tloc      100%       3d10      1%          2
 Passwall                 Tmut/Erth      67%        N/A       1%          2
 Poisonous Vapours        Pois/Air       100%       N/A       1%          2
 Frozen Ramparts          Ice            100%       1d16      1%          3
 Gell's Gravitas          Tloc           55%        N/A       1%          3
 Hailstorm                Conj/Ice       83%        3d17      1%          3
 Ignite Poison            Fire/Tmut/Pois 53%        N/A       1%          3
 Inner Flame              Hex/Fire       55%        N/A       1%          3
 Mephitic Cloud           Conj/Pois/Air  81%        N/A       1%          3
 Portal Projectile        Hex/Tloc       100%       N/A       1%          3
 Teleport Other           Tloc           55%        N/A       1%          3
 Tukima's Dance           Hex            55%        N/A       1%          3
 Vhi's Electric Charge    Tloc/Air       100%       N/A       1%          3
 Volatile Blastmotes      Fire/Tloc      100%       2d18      1%          3
 Anguish                  Hex/Necr       79%        N/A       1%          4
 Flame Wave               Conj/Fire      83%        2d18      1%          4
 Iskenderun's Mystic Bla  Conj/Tloc      83%        2d16      1%          4
 Leda's Liquefaction      Hex/Erth       41%        N/A       1%          4
 Petrify                  Tmut/Erth      81%        N/A       1%          4
 Sticky Flame             Conj/Fire      83%        2d9       1%          4
 Arcjolt                  Conj/Air       46%        1d56      1%          5
 Fireball                 Conj/Fire      41%        3d17      1%          5
 Freezing Cloud           Conj/Ice/Air   41%        6-21      1%          5
 Irradiate                Conj/Tmut      41%        3d25      1%          5
 Iskenderun's Battlesphe  Conj           100%       2d15      1%          5
 Lee's Rapid Deconstruct  Erth           51%        3d24*     1%          5
 Summon Forest            Summ/Tloc      52%        N/A       1%          5
 Conjure Ball Lightning   Conj/Air       46%        3x3d16    1%          6
 Death Channel            Necr           93%        N/A       1%          6
 Simulacrum               Ice/Necr       79%        N/A       1%          6
 Haunt                    Necr/Summ      100%       N/A       1%          7
 Malign Gateway           Summ/Tloc      52%        N/A       1%          7
 Orb of Destruction       Conj           51%        9d13      1%          7
 Cause Fear               Hex            27%        N/A       3%          4
 Manifold Assault         Tloc           55%        N/A       3%          4
 Passage of Golubria      Tloc           55%        N/A       3%          4
 Silence                  Hex/Air        34%        N/A       3%          5
 Starburst                Conj/Fire      41%        6d12      3%          6
 Infestation              Necr           93%        N/A       3%          8
 Olgreb's Toxic Radiance  Pois           52%        N/A       4%          4
 Metabolic Englaciation   Hex/Ice        27%        N/A       10%         5
 Yara's Violent Unravell  Hex/Tmut       27%        3d12      11%         5
 Plasma Beam              Fire/Air       34%        2x1d51    17%         6
 Dispersal                Tloc           27%        N/A       45%         6
 Shatter                  Erth           51%        3d39*     91%         9
 Maxwell's Capacitive Co  Air            40%        โˆž       93%         8
 Enfeeble                 Hex            27%        N/A       96%         7
 Ozocubu's Refrigeration  Ice            27%        4d13      96%         7
 Discord                  Hex            27%        N/A       100%        8
 Ignition                 Fire           27%        3d9       100%        8
 Chain Lightning          Conj/Air       46%        3d61      100%        9
 Fire Storm               Conj/Fire      41%        8d11      100%        9
 Polar Vortex             Ice            27%        N/A       100%        9
 Sublimation of Blood     Necr           Unusable   N/A       N/A         2
 Wereblood                Tmut           Unusable   N/A       N/A         2
 Ice Form                 Ice/Tmut       Unusable   N/A       N/A         4
 Borgnjor's Revivificati  Necr           Unusable   N/A       N/A         8
 Statue Form              Tmut/Erth      Unusable   N/A       N/A         6
 Blade Hands              Tmut           Unusable   N/A       N/A         5
 Death's Door             Necr           Unusable   N/A       N/A         9
 Necromutation            Tmut/Necr      Unusable   N/A       N/A         8
 Dragon Form              Tmut           Unusable   N/A       N/A         7

Dungeon Overview and Level Annotations

Branches:
Dungeon (15/15)            Temple (1/1) D:7            Lair (5/5) D:8
 Shoals (4/4) Lair:3        Snake (4/4) Lair:2        Slime (5/5) Lair:5
    Orc (2/2) D:9             Elf (3/3) Orc:2        Vaults (5/5) D:13
  Crypt (3/3) Vaults:3       Tomb (1/3) Crypt:3      Depths (4/4) D:15
    Zot (5/5) Depths:4    Ossuary (visited)         Gauntlet (visited)

Altars:
Ashenzari
Cheibriados
Dithmenos
Fedhas
Gozag
Hepliaklqana
Kikubaaqudgha
Makhleb
Nemelex Xobeh
Okawaru
Qazlal
Ru
Sif Muna
Trog
Uskayaw
Vehumet
Wu Jian
Xom
Yredelemnul
Jiyva

Shops:
D:2 [   D:11 !!:   Orc:2 *([:*   Elf:1 (=*[!   Snake:3 ([!   Vaults:3 !
Depths:1 =::

Portals:
Hell: Depths:1 Depths:2 Depths:3 Depths:4
Abyss: Depths:2 Depths:3 Depths:4
Pandemonium: Depths:2
Ziggurat: Depths:2

Annotations:
Zot:2 1 transporter


Innate Abilities, Weirdness & Mutations

You are immune to poison.
Your flesh is cold resistant. (rC+)
You are immune to negative energy. (rN+++)
You are immune to unholy pain and torment.
You are vulnerable to heat. (rF-)
You are strongly in touch with the powers of death.
You do not drink.
You have a special connection with the divine. (Faith)


Message History

The Orb Guardian hits you but does no damage.
The Orb Guardian attacks as you move away!
The Orb Guardian hits you but does no damage.
The Orb Guardian completely misses you. The Orb Guardian hits you!
The Orb Guardian attacks as you move away!
The Orb Guardian hits you but does no damage. x2
Your spellforged servitor points at the Orb Guardian and mumbles some strange words.
The crystal spear misses the Orb Guardian.
The Orb Guardian attacks as you move away!
The Orb Guardian completely misses you. x2
An Orb Guardian comes into view.
The Orb Guardian attacks as you move away!
The Orb Guardian hits you but does no damage.
The Orb Guardian hits you!!
The Orb Guardian attacks as you move away!
The Orb Guardian hits you!
The Orb Guardian hits you but does no damage.
The Orb Guardian attacks as you move away!
The Orb Guardian hits you!
You see here 6 poisoned darts.
The Orb Guardian closely misses you.
The Orb Guardian attacks as you move away!
The Orb Guardian hits you but does no damage.
The Orb Guardian attacks as you move away!
The Orb Guardian hits you!!
The Orb Guardian hits you but does no damage.
The Orb Guardian hits you but does no damage.
Casting: Spellforged Servitor (mildly dangerous; 1% risk of failure)
Confirm with . or Enter, or press ? or * to list all spells.
You don't know that spell.
Aiming: Dig
Press: ? - help, Shift-Dir - straight line A rock wall.
This square is lit by a halo and is covered in magical glow.
The rock shatters into small pieces.
The Orb Guardian barely misses you. The Orb Guardian hits you!
There is a staircase leading out of the dungeon here.
The Orb Guardian hits you but does no damage.
You have escaped!

#....# #......# #(#.....##
### ####.# #...X..#
#9...รท..####.# #.# #......#
#.#...(.#....#
#.#############{#####...####
#.##.#........#.#####'#####
#.##.+...##.!.#.##........#
#.##.+........#.##..#####.#
#....#........X!##..##P##.#
###..#.....).@#{....##.####
##.#........#.....##.#
#.'........#.....##.#
#.'...##...##....##P#
#.#........##>...# #
##############...######
#........# ###......#
########


You could see an Orb Guardian.

Vanquished Creatures
  4 dread liches
  3 ancient liches
  Mennas (Vaults:3)
  A pandemonium lord (D:15)
  Frederick (Depths:3)
  2 caustic shrikes (Depths:3)
  2 curse toes
  3 golden dragons (Vaults:5)
  4 tentacled monstrosities
  A Tzitzimitl (Zot:1)
  5 Orb Guardians
  An Ice Fiend (D:15)
  A lich (D:15)
  A quicksilver dragon (Zot:3)
  4 titans
  A deep elf blademaster (Elf:2)
  A death cob (Zot:3)
  6 sphinxes
  A deep elf master archer (Elf:3)
  2 tengu reavers
  3 storm dragons (Vaults:5)
  Donald (Elf:3)
  A draconian monk (Zot:3)
  2 fire giants
  2 revenants
  2 draconian knights
  2 draconian scorchers
  3 frost giants
  2 orc warlords (Vaults:4)
  An iron dragon (Depths:1)
  A ghost moth (Zot:4)
  A deep elf elementalist (Elf:3)
  A ghoul (Crypt:1)
  5 vault wardens
  A war gargoyle (Zot:4)
  2 curse skulls (Crypt:2)
  2 very ugly things
  2 draconian stormcallers (Zot:1)
  7 ironbound preservers
  4 stone giants
  4 spriggan defenders
  A draconian annihilator (Zot:1)
  A draconian shifter (Zot:3)
  A vampire knight (Crypt:1)
  2 ironbound thunderhulks
  5 green draconians
  2 black draconians
  2 deep elf annihilators (Elf:3)
  9 white draconians
  A spark wasp (Depths:3)
  3 red draconians (Zot:1)
  A spark wasp (shapeshifter) (D:12)
  4 dire elephants (Vaults:4)
  Azrael (Elf:2)
  4 deep elf demonologists
  A yellow draconian (Zot:1)
  3 purple draconians
  An ettin (Vaults:5)
  A deep elf death mage (Vaults:5)
  6 yaktaur captains
  An entropy weaver (Vaults:1)
  A jiangshi (Crypt:3)
  2 fire dragons
  A deep elf high priest (Vaults:5)
  A spriggan zombie (Crypt:3)
  2 rakshasas
  A nameless horror (Crypt:1)
  A juggernaut simulacrum (Crypt:1)
  15 vault guards
  An ironbound frostheart (Vaults:3)
  8 dancing weapons (Elf:2)
  3 death scarabs (Tomb:1)
  A naga warrior (Snake:4)
  A death knight (Crypt:2)
  4 vampire magi
  An orc high priest (Orc:2)
  A spriggan berserker (Depths:2)
  2 shock serpents (Zot:4)
  8 deep elf knights
  A wretched star (Abyss:2)
  11 skeletal warriors
  A fire crab (Lair:4)
  A bunyip zombie (Crypt:3)
  A sea snake (Shoals:4)
  A golden dragon zombie (Crypt:2)
  11 deep trolls
  A naga ritualist (Snake:4)
  A spriggan simulacrum (Crypt:2)
  A glowing orange brain (Gauntlet)
  A bunyip skeleton (Crypt:1)
  2 wizards
  3 ironbound convokers
  2 necromancers (Vaults:5)
  6 deep elf archers
  A harpy (Shoals:2)
  An orc sorcerer (Orc:1)
  2 orc knights (Vaults:4)
  3 deep elf zephyrmancers
  3 deep elf pyromancers
  5 ugly things
  8 moths of wrath
  A salamander (Snake:3)
  A naga zombie (Crypt:2)
  A dire elephant zombie (Crypt:2)
  3 vault sentinels
  A black mamba (Snake:3)
  An iron dragon skeleton (Crypt:3)
  An eleionoma skeleton (Crypt:2)
  An orange demon (Abyss:2)
  2 cane toads
  12 yaktaurs
  An unseen horror (D:12)
  A tengu conjurer (Depths:1)
  A sea snake skeleton (Crypt:2)
  3 guardian mummies
  A wind drake (Shoals:4)
  A polar bear (Lair:5)
  Prince Ribbit (Lair:1)
  A blink frog (Abyss:2)
  2 slime creatures
  A black mamba zombie (Crypt:2)
  A vampire (Crypt:3)
  A shadow (D:12)
  A ynoxinul (Abyss:2)
  A spriggan (Depths:3)
  A black mamba skeleton (Crypt:1)
  A yak (Lair:3)
  An ushabti (Tomb:1)
  A golden eye (Slime:2)
  A hog (D:12)
  A naga (Lair:2)
  A deep troll skeleton (Crypt:3)
  4 hell hounds
  An ice beast (D:6)
  A wolf (Lair:5)
  3 boggarts
  A manticore skeleton (Crypt:1)
  A centaur (D:13)
  A lindwurm skeleton (Crypt:1)
  4 bullfrogs
  A water moccasin skeleton (Crypt:3)
  4 wights (D:7)
  A killer bee (shapeshifter) (Vaults:5)
  A howler monkey (D:9)
  3 centaur zombies
  2 orc priests
  5 orc wizards
  3 lightning spires (Zot:4)
  A mummy (Crypt:3)
  A gnoll (D:3)
  A swamp drake zombie (Crypt:2)
  2 adders
  A howler monkey skeleton (Crypt:1)
  A steam dragon skeleton (Crypt:1)
  A lava snake zombie (Crypt:3)
  A dart slug (D:2)
  3 orcs
  3 bats
  3 endoplasms
  3 giant cockroaches
  A goblin (D:1)
  A jackal (D:3)
  3 quokkas
  A ball python (D:2)
  2 frilled lizards
  3 kobolds
  2 rats (D:1)
  A rat skeleton (Crypt:3)
  A diamond obelisk (Zot:4)
385 creatures vanquished.

Vanquished Creatures (collateral kills)
  the Royal Jelly (Slime:5)
  A dread lich (Zot:5)
  10 orbs of fire
  2 pandemonium lords
  A royal mummy (Tomb:1)
  5 Killer Klowns
  The ghost of Doumn the Timeless, a veteran GnFi of Cheibriados (Depths:2)
  The ghost of lmSkywalker the Warrior, an adept DrTm of Okawaru (Depths:4)
  Vashnia (Snake:4)
  A curse toe (Crypt:3)
  Vv (Zot:1)
  Margery (Vaults:3)
  Xtahua (Crypt:1)
  2 caustic shrikes (Depths:3)
  the Enchantress (Depths:3)
  Jory (Vaults:3)
  4 golden dragons
  5 electric golems
  A bone dragon (Depths:4)
  2 Brimstone Fiends
  A Tzitzimitl (Zot:2)
  Rupert (D:12)
  17 tentacled monstrosities
  The ghost of Qeunemit the Warrior, an adept GrFi of Okawaru (Vaults:1)
  4 liches
  21 Orb Guardians (Zot:5)
  2 deep elf blademasters (Elf:3)
  9 quicksilver dragons
  25 acid blobs
  A walking frostbound tome (Depths:3)
  Polyphemus (Shoals:4)
  3 titans
  8 ancient champions
  Frances (Shoals:2)
  11 sphinxes
  9 death cobs
  5 draconian knights
  3 tengu reavers
  21 azure jellies
  6 shadow dragons
  5 revenants
  5 draconian monks
  12 storm dragons
  A nagaraja (Snake:4)
  25 rockslimes
  12 frost giants
  Roxanne (Elf:3)
  11 fire giants
  17 vault wardens
  6 draconian scorchers
  The ghost of Niebini the Warrior, a journeyman HOFi of Qazlal (Lair:5)
  7 deep elf sorcerers
  Aizul (Crypt:1)
  An angel (Depths:4)
  8 draconian shifters
  3 ghost moths
  2 draconian stormcallers
  3 deep elf elementalists (Elf:3)
  5 spriggan defenders
  9 stone giants
  2 juggernaut skeletons (Crypt:1)
  14 ironbound preservers
  24 very ugly things
  A war gargoyle (Zot:4)
  6 draconian annihilators
  A ghoul (Crypt:2)
  An orc warlord (Orc:2)
  4 cacodemons
  4 ironbound thunderhulks
  10 green draconians
  11 quicksilver oozes
  2 bennus (Tomb:1)
  8 vampire knights
  4 deep elf demonologists
  A lorocyproca (D:4)
  9 yellow draconians
  4 purple draconians
  12 white draconians
  15 black draconians
  7 red draconians
  11 deep elf annihilators (Elf:3)
  19 dire elephants
  6 spark wasps
  3 deep elf death magi
  A crystal guardian (Vaults:3)
  5 eidola
  A blizzard demon (Depths:2)
  9 fire dragons
  4 merfolk javelineers
  4 jiangshi
  3 mummy priests (Tomb:1)
  6 ettins
  13 yaktaur captains
  5 merfolk impalers
  3 entropy weavers
  3 deep elf high priests
  2 spriggan zombies (Depths:3)
  The ghost of Bedaoseg the Skirmisher, a journeyman SpHu of Fedhas (Lair:5)
  2 spriggan skeletons
  5 ice dragons (Depths:1)
  10 great orbs of eyes
  13 vault guards
  A jorogumo (shapeshifter) (Vaults:1)
  8 spriggan air magi
  2 hell beasts
  4 hydras
  11 anacondas
  An ogre mage (Vaults:1)
  2 peacekeepers
  11 ironbound frosthearts
  3 salamander tyrants (Snake:4)
  Erica (Lair:2)
  18 death scarabs (Tomb:1)
  3 merfolk aquamancers
  21 centaur warriors
  A death knight (Crypt:2)
  5 catoblepae
  An alligator snapping turtle (Shoals:4)
  2 satyrs
  9 two-headed ogres
  A boulder beetle (D:12)
  17 naga warriors
  19 dancing weapons
  3 death yaks
  7 merfolk avatars
  4 tengu warriors
  A vampire mage (Crypt:1)
  The ghost of BirdDuck the Cleaver, a novice DsBe of Trog (Lair:1)
  3 orc high priests
  6 deep troll earth magi
  4 deep troll shamans
  7 spriggan berserkers
  A titan zombie (Crypt:3)
  7 naga sharpshooters
  12 deep elf knights
  3 sun demons
  4 soul eaters
  11 shock serpents
  A fire crab (Lair:4)
  2 skysharks
  18 hell knights
  2 iron trolls
  5 shadow wraiths
  A sixfirhy (Depths:2)
  14 sea snakes
  14 skeletal warriors
  6 glowing orange brains
  5 salamander mystics
  An anaconda zombie (Crypt:1)
  7 flayed ghosts
  42 deep trolls
  2 shadow demons (Depths:4)
  12 deep elf archers
  5 wizards
  An obsidian statue (Zot:5)
  A swamp dragon (Lair:5)
  6 naga ritualists
  16 phantasmal warriors
  8 necromancers
  4 large abominations
  15 ironbound convokers
  A wolf spider zombie (Crypt:2)
  27 deep elf zephyrmancers
  14 lindwurms
  4 orc sorcerers (Orc:2)
  23 deep elf pyromancers
  10 harpies
  3 oklob plants
  9 mana vipers
  6 orc knights
  8 shining eyes
  25 ugly things
  A wolf spider (Vaults:5)
  3 fauns (Shoals:3)
  A frost giant zombie (Crypt:3)
  An iron dragon zombie (Crypt:1)
  32 moths of wrath
  10 manticores
  14 salamanders
  A shock serpent zombie (Crypt:3)
  2 toenail golems
  A dire elephant zombie (Crypt:1)
  7 cyclopes
  A centaur zombie (Crypt:2)
  2 naga zombies
  A worldbinder (Abyss:2)
  5 water nymphs
  10 merfolk sirens
  2 rust devils
  11 vault sentinels
  3 eyes of devastation
  15 black mambas
  A yaktaur zombie (Vaults:5)
  8 guardian serpents
  13 naga magi
  2 centaur skeletons
  4 orange demons
  4 cane toads
  A naga skeleton (Crypt:1)
  14 yaktaurs
  3 kobold demonologists
  10 komodo dragons
  A tormentor (D:8)
  4 tengu conjurers
  2 ancient zymes (Abyss:2)
  2 efreet
  6 polar bears (Lair:5)
  9 freezing wraiths
  14 guardian mummies
  6 trolls
  21 merfolk
  9 hornets
  A polar bear (shapeshifter) (D:15)
  6 wind drakes
  A jumping spider zombie (Crypt:3)
  A tarantella (Vaults:2)
  A wolf spider simulacrum (D:15)
  4 raiju
  12 snapping turtles
  12 dream sheep
  132 slime creatures
  A snapping turtle (shapeshifter) (Vaults:5)
  8 blink frogs
  A guardian serpent skeleton (Crypt:1)
  A culicivora (shapeshifter) (D:13)
  2 culicivoras
  10 spriggans
  3 air elementals
  An ettin skeleton (Vaults:5)
  12 wraiths
  A centaur simulacrum (D:12)
  4 nameless horrors
  A wyvern (Lair:1)
  15 yaks
  A shadow (D:12)
  4 vampires (Crypt:3)
  11 water elementals
  3 basilisks
  9 fire elementals
  13 golden eyes
  3 redbacks
  A chaos spawn (D:7)
  A vampire mosquito (D:12)
  3 steam dragons (Lair:5)
  8 wargs
  A two-headed ogre zombie (Crypt:1)
  7 water moccasins
  2 acid dragons (Lair:5)
  30 nagas
  2 swamp drakes
  A floating eye (Slime:5)
  24 orc warriors
  17 hell hounds
  A glowing shapeshifter skeleton (Vaults:5)
  14 black bears
  2 sky beasts
  6 ogres
  18 wolves
  7 centaurs
  5 boggarts
  A phantom (D:4)
  A lemure (D:5)
  8 bullfrogs
  3 kobold brigands
  4 small abominations (Abyss:2)
  3 gnoll sergeants
  An earth elemental (Elf:1)
  3 necrophages (Crypt:1)
  A scorpion (D:6)
  An elf skeleton (Crypt:3)
  A warg zombie (Crypt:3)
  9 wights
  6 killer bees
  6 electric eels
  A wolf zombie (Crypt:1)
  5 howler monkeys
  6 crimson imps (D:9)
  2 jellies
  5 hounds
  16 orc priests
  6 iguanas
  A sleepcap (D:5)
  A hell rat (Lair:4)
  19 orc wizards
  2 lightning spires (Zot:4)
  12 mummies
  13 gnolls
  A howler monkey skeleton (Crypt:2)
  6 adders
  A shadow imp (D:9)
  6 white imps
  An ufetubus (D:7)
  3 dart slugs
  71 orcs
  3 ball pythons
  A bat (D:2)
  7 endoplasms
  2 giant cockroaches (D:3)
  2 goblins
  4 hobgoblins
  3 jackals (D:3)
  8 kobolds
  5 quokkas
  3 frilled lizards
  4 goblin zombies (Ossuary)
  8 hobgoblin zombies (Ossuary)
  2 jackal zombies (Ossuary)
  5 kobold zombies (Ossuary)
  11 orc zombies (Ossuary)
  4 rats
  3 rat zombies (Ossuary)
2112 creatures vanquished.

Vanquished Creatures (others)
  Jorgrun (D:11)
  Kirke (D:12)
  A tengu reaver (D:12)
  2 nagarajas (Snake:4)
  A fire giant (Depths:3)
  2 vault wardens (Vaults:1)
  4 ironbound preservers
  A very ugly thing (Vaults:3)
  A stone giant (D:15)
  2 black draconians (Zot:4)
  4 dire elephants
  A minotaur (Gauntlet)
  A yellow draconian (Zot:5)
  An ettin (Vaults:1)
  Josephine (D:12)
  2 merfolk impalers (Shoals:4)
  6 vault guards
  A great orb of eyes (Vaults:3)
  2 yaktaur captains
  6 hydras
  2 ogre magi
  2 boulder beetles
  2 merfolk aquamancers (Shoals:4)
  An alligator (shapeshifter) (D:12)
  An alligator snapping turtle (Shoals:4)
  2 anacondas
  3 two-headed ogres
  2 centaur warriors
  A merfolk avatar (Shoals:1)
  A tengu warrior (D:12)
  A naga warrior (Snake:4)
  A satyr (Shoals:4)
  Amaemon (Lair:1)
  4 deep elf knights
  3 sixfirhies (Gauntlet)
  2 skeletal warriors (D:15)
  2 sea snakes (Shoals:4)
  A skyshark (Shoals:1)
  A wizard (Vaults:2)
  7 deep trolls
  An ironbound convoker (Vaults:1)
  Pikel (D:5)
  A deep elf archer (D:12)
  A harpy (Shoals:2)
  A deep elf pyromancer (Elf:1)
  4 orc knights
  3 cyclopes
  An orc sorcerer (Orc:1)
  A faun (Shoals:2)
  7 ugly things
  A black mamba (Snake:1)
  2 naga magi
  A vault sentinel (Vaults:3)
  A merfolk siren (Shoals:2)
  A torpor snail (Lair:5)
  3 cane toads
  A gargoyle (D:11)
  2 yaktaurs (D:12)
  2 komodo dragons
  A rime drake (Lair:3)
  A freezing wraith (Vaults:3)
  A tengu conjurer (D:15)
  2 merfolk
  4 polar bears
  2 trolls
  A blink frog (Lair:1)
  2 raiju
  A dream sheep (Lair:3)
  3 slime creatures (Vaults:1)
  A flying skull (Vaults:3)
  2 wraiths (D:12)
  8 yaks
  A basilisk (D:14)
  A wyvern (Lair:2)
  A shadow (D:11)
  2 hogs (D:12)
  A human (D:12)
  A steam dragon (D:7)
  A vampire mosquito (D:12)
  5 nagas
  2 wargs
  2 water moccasins
  An ice beast (D:6)
  A black bear (Lair:5)
  6 orc warriors
  3 wolves
  A centaur (D:6)
  A lemure (D:5)
  An elf zombie (Ossuary)
  A bullfrog (Lair:1)
  6 wights
  A killer bee (D:11)
  2 howler monkeys (D:10)
  An orc priest (Orc:2)
  2 gnoll boudas
  Ijyb (D:5)
  3 orc wizards
  A mummy (Ossuary)
  9 gnolls
  7 orcs
  2 kobold zombies (Ossuary)
  5 ball lightnings (Zot:4)
  10 fungi
  146 plants
  6 withered plants (Lair:5)
379 creatures vanquished.

Grand Total: 2876 creatures vanquished

Notes
Turn   | Place    | Note
-------+----------+-------------------------------------------
     0 | D:1      | cforsyth the Mummy Summoner began the quest for the Orb.
     0 | D:1      | Reached XP level 1. HP: 13/13 MP: 4/4
   300 | D:1      | Reached skill level 3 in Spellcasting
   480 | D:1      | Reached XP level 2. HP: 12/19 MP: 4/6
  1077 | D:2      | Learned a level 2 spell: Call Imp
  1199 | D:2      | Found Tizew's Armour Boutique.
  1305 | D:2      | Gained mutation: You are in touch with the powers of death.
                  | [Mummy growth]
  1305 | D:2      | Reached XP level 3. HP: 17/24 MP: 8/8
  1571 | D:2      | Found a faded altar of an unknown god.
  1638 | D:2      | Reached skill level 4 in Spellcasting
  1703 | D:2      | Found a stormy altar of Qazlal.
  1718 | D:2      | Learned a level 3 spell: Call Canine Familiar
  2148 | D:3      | Reached XP level 4. HP: 24/30 MP: 7/10
  2671 | D:3      | Upgraded the game from 0.30-a0-1085-g990a428a5c to
                  | 0.30-a0-1094-g860fb061e7
  3053 | D:3      | Reached skill level 5 in Spellcasting
  3053 | D:3      | Reached XP level 5. HP: 35/35 MP: 6/12
  3060 | D:3      | Learned a level 3 spell: Summon Guardian Golem
  3463 | D:4      | Noticed a phantom
  3497 | D:4      | Killed a phantom
  3498 | D:4      | Reached XP level 6. HP: 38/41 MP: 7/14
  3551 | D:4      | You fall into a shaft and drop 3 floors!
  3581 | D:7      | Reached skill level 6 in Spellcasting
  3581 | D:7      | Reached skill level 5 in Summonings
  3697 | D:7      | Reached XP level 7. HP: 46/46 MP: 2/17
  3723 | D:7      | Reached skill level 7 in Spellcasting
  3751 | D:7      | Found a sand-covered staircase.
  3827 | Ossuary  | Entered an ossuary
  3872 | Ossuary  | Learned a level 4 spell: Summon Lightning Spire
  4067 | Ossuary  | Reached skill level 1 in Air Magic
  4577 | D:7      | Noticed a steam dragon
  4594 | D:7      | Killed a steam dragon
  4595 | D:7      | Reached skill level 8 in Spellcasting
  4595 | D:7      | Reached XP level 8. HP: 30/52 MP: 18/20
  4698 | D:7      | Found a staircase to the Ecumenical Temple.
  4746 | Temple   | Entered the Ecumenical Temple
  5007 | Temple   | Became a worshipper of Ashenzari the Shackled
  5302 | D:5      | Entered Level 5 of the Dungeon
  5383 | D:5      | Noticed Ijyb
  5397 | D:5      | Killed Ijyb
  5510 | D:5      | Found a blossoming altar of Fedhas.
  5514 | D:5      | Found a sacrificial altar of Ru.
  5514 | D:5      | Found an ancient bone altar of Kikubaaqudgha.
  5520 | D:5      | Found an opulent altar of Gozag.
  5521 | D:5      | Found a hide-covered altar of Uskayaw.
  5639 | D:5      | Reached skill level 9 in Spellcasting
  6522 | D:5      | Noticed Pikel
  6538 | D:5      | Killed Pikel
  6539 | D:5      | Reached skill level 10 in Spellcasting
  6539 | D:5      | Reached XP level 9. HP: 57/57 MP: 12/23
  6783 | D:6      | Reached * piety under Ashenzari
  7324 | D:7      | Reached skill level 11 in Spellcasting
  7357 | D:7      | Identified the orb of the Solstice {mayhem, Dex+4}
  8065 | D:8      | Found a shadowy altar of Dithmenos.
  8075 | D:8      | Found a staircase to the Lair.
  8078 | D:8      | Identified the +6 quarterstaff of Uxkoex {flame, rElec rN+
                  | Int-2 SInv}
  8093 | D:8      | Reached ** piety under Ashenzari
  8732 | D:8      | Reached skill level 12 in Spellcasting
  8732 | D:8      | Reached XP level 10. HP: 63/63 MP: 27/27
  9619 | D:9      | Found a staircase to the Orcish Mines.
  9694 | D:9      | Reached *** piety under Ashenzari
  9941 | D:9      | Reached skill level 10 in Summonings
 10057 | D:9      | Reached skill level 1 in Fighting
 10155 | D:9      | Reached skill level 1 in Armour
 10381 | D:10     | Entered Level 10 of the Dungeon
 10627 | D:10     | Noticed a cyclops
 10650 | D:10     | Killed a cyclops
 10920 | D:2      | Bought a +0 cloak for 49 gold pieces
 10925 | D:2      | Reached **** piety under Ashenzari
 11297 | D:10     | Reached XP level 11. HP: 80/80 MP: 21/30
 11430 | D:11     | Found Tuext's Distillery.
 11861 | D:11     | Found Nayxifit's Distillery.
 11946 | D:11     | Found Hecudow's Tiny Tomes.
 12164 | D:11     | Noticed a two-headed ogre
 12176 | D:11     | Killed a two-headed ogre
 12177 | D:11     | Reached skill level 5 in Fighting
 12797 | D:12     | Noticed an orc knight
 12805 | D:12     | Noticed a two-headed ogre
 12811 | D:12     | Killed a two-headed ogre
 12811 | D:12     | Killed an orc knight
 12846 | D:12     | Noticed a white ugly thing
 12847 | D:12     | Noticed a tengu warrior
 12853 | D:12     | Noticed a brown ugly thing
 12855 | D:12     | Noticed a boulder beetle
 13196 | D:12     | Killed a brown ugly thing
 13199 | D:12     | Killed a brown ugly thing
 13203 | D:12     | Noticed a boulder beetle
 13227 | D:12     | Killed a boulder beetle
 13556 | D:12     | Noticed a tengu reaver
 13556 | D:12     | Killed a tengu warrior
 13557 | D:12     | Reached skill level 10 in Fighting
 13567 | D:12     | Noticed an alligator
 13572 | D:12     | Killed a tengu reaver
 13593 | D:12     | Killed an alligator
 13594 | D:12     | Reached XP level 12. HP: 39/103 MP: 3/30
 14003 | D:12     | Killed a boulder beetle
 14015 | D:12     | Noticed Kirke
 14030 | D:12     | Killed Kirke
 14203 | D:12     | Noticed a spark wasp
 14511 | D:12     | Killed a spark wasp
 14769 | D:12     | Noticed Jorgrun
 15382 | Lair:1   | Entered Level 1 of the Lair of Beasts
 15454 | Lair:1   | Noticed Prince Ribbit
 15467 | Lair:1   | Killed Prince Ribbit
 15473 | Lair:1   | Noticed Amaemon
 15486 | Lair:1   | Upgraded the game from 0.30-a0-1094-g860fb061e7 to
                  | 0.30-a0-1103-g25895a7845
 15580 | Lair:1   | Killed Amaemon
 16015 | D:12     | Noticed a centaur warrior
 16406 | Lair:1   | Noticed a death yak
 16411 | Lair:1   | Found a runed translucent gate.
 16411 | Lair:1   | Found a runed translucent gate.
 16412 | Lair:1   | Found a runed translucent gate.
 16422 | Lair:1   | Noticed BirdDuck's ghost (novice DsBe)
 16897 | Lair:2   | Learned a level 4 spell: Summon Ice Beast
 16899 | Lair:2   | Found a gate leading to a gauntlet.
 16914 | Gauntlet | Entered a Gauntlet
 16914 | Gauntlet | Found a transporter.
 16927 | Gauntlet | Found a transporter.
 16942 | Gauntlet | Found a transporter.
 16943 | Gauntlet | Found a transporter.
 16961 | Gauntlet | Found a transporter.
 16965 | Gauntlet | Identified the +0 leather armour of Leatuhojyu {Fly rN+
                  | Int-3}
 16971 | Gauntlet | Found a runed translucent door.
 16975 | Gauntlet | Found a transporter.
 16987 | Gauntlet | Found a transporter.
 17007 | Gauntlet | Found a transporter.
 17011 | Gauntlet | Found a transporter.
 17020 | Gauntlet | Found a transporter.
 17044 | Gauntlet | Identified the +2 cloak of Hairiness {Harm Regen+ Int-2}
 17050 | Gauntlet | Found a transporter.
 17050 | Gauntlet | Found a transporter.
 17975 | Gauntlet | Noticed a minotaur
 17987 | Gauntlet | Killed a minotaur
 17988 | Gauntlet | Gained mutation: You are strongly in touch with the powers
                  | of death. [Mummy growth]
 17988 | Gauntlet | Reached XP level 13. HP: 121/121 MP: 7/32
 18110 | Gauntlet | Identified the staff of cold "Isiniz" {*Slow rPois rC+
                  | Dex+5}
 18110 | Gauntlet | Identified the Tractate on Quantum Terrain
 18111 | Gauntlet | Identified the +0 pair of boots of Polish {rPois rC++}
 18111 | Gauntlet | Identified the +3 steam dragon scales "Paxufoj" {rN+}
 18427 | Lair:2   | Reached skill level 15 in Fighting
 18947 | Lair:2   | Found a staircase to the Snake Pit.
 19036 | Lair:2   | Noticed Erica
 19068 | Lair:2   | Killed Erica
 19963 | Lair:3   | Found a staircase to the Shoals.
 20418 | Lair:3   | Reached skill level 5 in Dodging
 24258 | Lair:5   | Entered Level 5 of the Lair of Beasts
 24367 | Lair:5   | Reached XP level 14. HP: 130/130 MP: 10/33
 24478 | Lair:5   | Found a runed translucent gate.
 24478 | Lair:5   | Found a runed translucent gate.
 24478 | Lair:5   | Found a runed translucent gate.
 24479 | Lair:5   | Noticed Bedaoseg's ghost (journeyman SpHu)
 24480 | Lair:5   | Noticed Niebini's ghost (journeyman HOFi)
 24775 | Lair:5   | Reached ***** piety under Ashenzari
 25286 | Lair:5   | Found a runed translucent door.
 25287 | Lair:5   | Found a viscous altar of Jiyva.
 25287 | Lair:5   | Noticed an azure jelly
 25288 | Lair:5   | Noticed an azure jelly
 25288 | Lair:5   | Noticed an azure jelly
 25288 | Lair:5   | Noticed an azure jelly
 25289 | Lair:5   | Found a staircase to the Slime Pits.
 25891 | Lair:5   | Reached skill level 10 in Dodging
 26093 | Lair:5   | Identified the +0 chain mail "Uteguck" {rC+}
 27410 | Orc:1    | Entered Level 1 of the Orcish Mines
 28184 | Orc:1    | Reached skill level 1 in Shields
 28738 | Orc:2    | Entered Level 2 of the Orcish Mines
 28784 | Orc:2    | Reached ****** piety under Ashenzari
 29506 | Orc:2    | Noticed an orc warlord
 29520 | Orc:2    | Killed an orc warlord
 29960 | Orc:2    | Found Zapru's General Store.
 30243 | Orc:2    | Found Baon's Antique Armour Boutique.
 30430 | Orc:2    | Reached skill level 5 in Armour
 30457 | Orc:2    | Found a staircase to the Elven Halls.
 30543 | Orc:2    | Found Dyni's General Store.
 30558 | Orc:2    | Found Joogipp's Book Boutique.
 30574 | Orc:2    | Found Nilay's Antique Weapon Boutique.
 31264 | D:11     | Killed Jorgrun
 32308 | D:12     | Reached XP level 15. HP: 139/139 MP: 29/35
 32437 | D:12     | Noticed Josephine
 32441 | D:12     | Killed Josephine
 32442 | D:12     | Reached skill level 5 in Shields
 32738 | D:12     | Noticed Rupert
 32776 | D:12     | Killed Rupert
 33618 | D:13     | Reached skill level 1 in Conjurations
 33989 | D:13     | Found a hazy altar of Hepliaklqana.
 34366 | D:13     | Identified the +0 robe "Iwnuomma" {rF+++ Dex+7 Slay-5
                  | Stlth- Archmagi}
 35232 | D:13     | Found a gate to the Vaults.
 35707 | D:14     | Reached skill level 5 in Conjurations
 36090 | D:14     | Learned a level 7 spell: Spellforged Servitor
 36203 | D:15     | Entered Level 15 of the Dungeon
 37727 | D:15     | Found a staircase to the Depths.
 37968 | D:15     | Learned a level 3 spell: Stone Arrow
 38205 | Snake:1  | Entered Level 1 of the Snake Pit
 38268 | Snake:1  | Found a shadowy altar of Dithmenos.
 39455 | Snake:1  | Reached XP level 16. HP: 146/146 MP: 29/36
 39586 | Snake:1  | Reached skill level 13 in Spellcasting
 40126 | Snake:2  | Reached skill level 14 in Spellcasting
 40508 | Snake:2  | Identified the +8 great sword of Soetos {pain, rCorr Str+4
                  | Int-3}
 41003 | Snake:3  | Reached skill level 15 in Spellcasting
 41676 | Snake:3  | Found Kudiew's Distillery.
 41680 | Snake:3  | Found Pimpip's Antique Armour Emporium.
 41681 | Snake:3  | Found Qurphin's Weapon Shoppe.
 41776 | Snake:3  | Reached skill level 16 in Spellcasting
 42933 | Snake:4  | Entered Level 4 of the Snake Pit
 43138 | Snake:4  | Reached skill level 17 in Spellcasting
 43764 | Snake:4  | Reached skill level 18 in Spellcasting
 44715 | Snake:4  | Reached XP level 17. HP: 153/153 MP: 37/43
 45828 | Snake:4  | Noticed Vashnia
 45871 | Snake:4  | Killed Vashnia
 46889 | Snake:4  | Got a serpentine rune of Zot
 47147 | Lair:1   | Killed BirdDuck's ghost
 47595 | Shoals:1 | Entered Level 1 of the Shoals
 49403 | Shoals:2 | Noticed Frances
 49739 | Shoals:2 | Killed Frances
 52059 | Shoals:4 | Entered Level 4 of the Shoals
 52157 | Shoals:4 | Noticed Polyphemus
 52166 | Shoals:4 | Reached XP level 18. HP: 147/162 MP: 26/44
 52692 | Shoals:4 | Killed Polyphemus
 54380 | Shoals:4 | Got a barnacled rune of Zot
 54798 | Vaults:1 | Entered Level 1 of the Vaults
 56780 | Vaults:1 | Found a large runed translucent door.
 56780 | Vaults:1 | Found a large runed translucent door.
 56780 | Vaults:1 | Found a large runed translucent door.
 56780 | Vaults:1 | Found a large runed translucent door.
 56780 | Vaults:1 | Found a large runed translucent door.
 56780 | Vaults:1 | Found a large runed translucent door.
 56780 | Vaults:1 | Noticed Qeunemit's ghost (adept GrFi)
 56781 | Vaults:1 | Found a large runed translucent door.
 56781 | Vaults:1 | Found a large runed translucent door.
 58178 | Vaults:1 | Reached skill level 10 in Armour
 58416 | Vaults:1 | Reached XP level 19. HP: 172/172 MP: 32/45
 59715 | Vaults:1 | Killed Qeunemit's ghost
 60206 | Vaults:2 | Found a flickering gateway to a bazaar.
 60220 | Bazaar   | Entered a bazaar
 60220 | Bazaar   | Found Qeung's Book Shoppe.
 60220 | Bazaar   | Found Keom's Antique Armour Shoppe.
 60359 | Bazaar   | Found Oklopt's Antique Weapon Emporium.
 60367 | Bazaar   | Found Voujojen's General Store.
 60375 | Bazaar   | Bought a scroll of teleportation for 27 gold pieces
 60375 | Bazaar   | Bought Sif Muna's Precepts of the Crater for 360 gold
                  | pieces
 60380 | Bazaar   | Found Lerrotekk's Magic Scroll Boutique.
 60388 | Bazaar   | Bought a scroll of blinking for 82 gold pieces
 60388 | Bazaar   | Bought a scroll of teleportation for 33 gold pieces
 60399 | Bazaar   | Bought a book of the Moon for 560 gold pieces
 60406 | Bazaar   | Learned a level 6 spell: Iron Shot
 60508 | Vaults:2 | Reached skill level 1 in Necromancy
 60516 | Vaults:2 | Reached skill level 1 in Earth Magic
 61880 | Vaults:2 | Reached skill level 5 in Necromancy
 62692 | Vaults:2 | Reached skill level 5 in Earth Magic
 63059 | Vaults:2 | Learned a level 5 spell: Borgnjor's Vile Clutch
 63248 | Vaults:3 | Noticed Margery
 63288 | Vaults:3 | Killed Margery
 64120 | Vaults:3 | Noticed Jory
 64137 | Vaults:3 | Killed Jory
 64245 | Vaults:3 | Reached XP level 20. HP: 180/180 MP: 31/46
 64592 | Vaults:3 | Noticed Mennas
 65486 | Vaults:3 | Found a staircase to the Crypt.
 66469 | Elf:1    | Entered Level 1 of the Elven Halls
 67795 | Elf:1    | Paralysed by an air elemental for 1 turns
 68383 | Elf:1    | Reached skill level 10 in Necromancy
 68717 | Elf:1    | Found Faos's Jewellery Shop.
 68835 | Elf:1    | Found Vouturav's Antique Weapon Shop.
 69066 | Elf:1    | Paralysed by an air elemental for 1 turns
 69241 | Elf:1    | Found Mammop Tumna's General Store.
 69274 | Elf:1    | Found Lunoz's Distillery.
 69306 | Elf:1    | Found Miug's Armour Boutique.
 69447 | Elf:2    | Upgraded the game from 0.30-a0-1103-g25895a7845 to
                  | 0.30-a0-1112-gfb780f5df6
 69531 | Elf:2    | Learned a level 8 spell: Lehudib's Crystal Spear
 69539 | Elf:2    | Noticed Azrael
 70606 | Elf:2    | Found a runed translucent gate.
 70607 | Elf:2    | Found a runed translucent gate.
 70607 | Elf:2    | Found a runed translucent gate.
 70856 | Elf:2    | Killed Azrael
 72189 | Elf:3    | Entered Level 3 of the Elven Halls
 72200 | Elf:3    | Noticed Roxanne
 72210 | Elf:3    | Reached XP level 21. HP: 189/189 MP: 42/47
 72677 | Elf:3    | Identified the Lessons on Assaults
 72957 | Elf:3    | Killed Roxanne
 73083 | Elf:3    | Noticed Donald
 73088 | Elf:3    | Killed Donald
 73267 | Elf:3    | Identified the +2 battleaxe "Fuovuxt" {speed, rN+}
 73267 | Elf:3    | Identified the amulet "Kock" {Spirit Int+6}
 73269 | Abyss:2  | Found a corrupted altar of Lugonu.
 73269 | Abyss:2  | Cast into level 2 of the Abyss (a deep elf sorcerer)
 73394 | Abyss:2  | Found a corrupted altar of Lugonu.
 73458 | Abyss:2  | Found a corrupted altar of Lugonu.
 73462 | Abyss:2  | Found a corrupted altar of Lugonu.
 73468 | Abyss:2  | Found a corrupted altar of Lugonu.
 73468 | Abyss:2  | Found a corrupted altar of Lugonu.
 73490 | Abyss:2  | Found a corrupted altar of Lugonu.
 73697 | Elf:3    | Escaped the Abyss
 74121 | Elf:3    | Reached skill level 15 in Dodging
 74206 | Elf:3    | Identified the ring "Mulalun" {Fly Int+2}
 74472 | Elf:3    | Identified the +5 mace "Jellybane" {flame, rN++}
 74657 | Elf:3    | Identified the Papyrus of Orthodoxy
 74664 | Elf:3    | Found the +27 heavy crossbow "Sniper" {heavy, Acc+โˆž SInv}
 74693 | Elf:3    | Identified Sif Muna's Almanac of Vexing Diablerie
 74693 | Elf:3    | Identified Zitusuyh's Information on Fog and Blasting
 74693 | Elf:3    | Identified the staff of cold "Niew Vom" {rC+ Str+2}
 74703 | Elf:3    | Identified the +5 hand axe "Omoun" {drain, Str+8}
 74711 | Elf:3    | Identified the +8 flail of Vyic {freeze, rC+ rN+ Will-}
 74811 | Elf:3    | Learned a level 8 spell: Summon Horrible Things
 75332 | Vaults:3 | Killed Mennas
 75344 | Vaults:3 | Identified the +2 robe of Objectivity {-Tele Harm rC+++
                  | Int-3}
 76064 | Vaults:3 | Found Icsas's Distillery.
 77964 | Vaults:5 | Entered Level 5 of the Vaults
 78161 | Vaults:4 | Reached XP level 22. HP: 62/200 MP: 21/48
 79325 | Vaults:5 | Reached skill level 15 in Summonings
 79560 | Vaults:5 | Identified the staff of cold "Iniunusk" {rF+ rC+ Dex+3}
 79744 | Vaults:5 | Identified the ring of Gujiont {rPois rN++ Dex+3}
 80215 | Vaults:5 | Identified the +0 plate armour "Baket" {rN+}
 80297 | Vaults:5 | Identified the staff of conjuration "Jubutuet" {Drain Will-
                  | rCorr Dex+8}
 80580 | Vaults:5 | Identified the +4 dire flail "Rid Nuit" {elec, +Blink rF+
                  | Str+3}
 80580 | Vaults:5 | Identified the +3 leather armour "Hicoidgh" {Rampage}
 80584 | Vaults:5 | Noticed a dread lich
 80783 | Vaults:5 | Noticed a golden dragon
 80787 | Vaults:5 | Killed a golden dragon
 80831 | Vaults:5 | Killed a dread lich
 81475 | Vaults:5 | Learned a level 9 spell: Dragon's Call
 81498 | Vaults:5 | Identified the staff of death "Emoocerr" {Drain rElec rPois
                  | rF+ rN+ Dex+2}
 81701 | Vaults:5 | Noticed a dread lich
 81712 | Vaults:5 | Killed a dread lich
 82078 | Vaults:5 | Got a silver rune of Zot
 82153 | Vaults:5 | Noticed a golden dragon
 82159 | Vaults:5 | Killed a golden dragon
 82523 | Vaults:5 | Noticed an ancient lich
 82530 | Vaults:5 | Killed an ancient lich
 82828 | Vaults:5 | Noticed a golden dragon
 82833 | Vaults:5 | Killed a golden dragon
 82834 | Vaults:5 | Reached XP level 23. HP: 166/205 MP: 35/48
 83101 | Crypt:1  | Entered Level 1 of the Crypt
 83353 | Crypt:1  | Noticed Aizul
 83356 | Crypt:1  | Killed Aizul
 83443 | Crypt:1  | Noticed Xtahua
 83837 | Crypt:1  | Killed Xtahua
 86383 | Crypt:1  | Found a basalt altar of Yredelemnul.
 86556 | Crypt:3  | Entered Level 3 of the Crypt
 87843 | Crypt:3  | Noticed a curse toe
 87847 | Crypt:3  | Noticed a curse toe
 87854 | Crypt:3  | Found an ancient bone altar of Kikubaaqudgha.
 87854 | Crypt:3  | Killed a curse toe
 87857 | Crypt:3  | Killed a curse toe
 87970 | Crypt:3  | Found a basalt altar of Yredelemnul.
 88009 | Crypt:3  | Identified Wuenol's Elucidation of Shadows
 88009 | Crypt:3  | Identified a scroll of acquirement
 88035 | Crypt:3  | Acquired 1034 gold pieces
 88235 | Crypt:3  | Reached skill level 19 in Spellcasting
 88291 | Crypt:3  | Found a staircase to the Tomb.
 88880 | Lair:5   | Killed Bedaoseg's ghost
 88884 | Lair:5   | Killed Niebini's ghost
 89784 | Slime:1  | Entered Level 1 of the Pits of Slime
 90741 | Slime:3  | Reached XP level 24. HP: 117/213 MP: 16/49
 92664 | Slime:5  | Entered Level 5 of the Pits of Slime
 92680 | Slime:5  | Paralysed by a floating eye for 3 turns
 92691 | Slime:5  | Noticed the Royal Jelly
 93125 | Slime:5  | Reached skill level 20 in Spellcasting
 93797 | Slime:5  | HP: 1/216 [acid blob/splash of acid[the Royal Jelly] (31)]
 93797 | Slime:5  | Killed the Royal Jelly
 94779 | Slime:5  | Identified the staff of poison "Ymuofy" {rElec rPois rC+
                  | Dex+4}
 94780 | Slime:5  | Identified the ring "Doifi" {rPois rCorr Str+4 Int+6 Dex-4}
 94780 | Slime:5  | Identified the Precepts of Different Death
 94781 | Slime:5  | Identified the +6 hand axe of Eternal Night {freeze, Will+
                  | MP+9 Str+2}
 94808 | Slime:5  | Identified the +0 battleaxe of the Living Dead {protect,
                  | rElec rN++}
 94887 | Slime:5  | Got a slimy rune of Zot
 95520 | Depths:1 | Entered Level 1 of the Depths
 96410 | Depths:1 | Found a runed translucent door.
 96759 | Depths:1 | Found a gateway to Hell.
 97117 | Depths:1 | Found Dicweret's Jewellery Boutique.
 97117 | Depths:1 | Found Qexubb's Book Shoppe.
 97118 | Depths:1 | Found Tec Kea's Book Shoppe.
 97961 | Depths:2 | Found a one-way gateway to a ziggurat.
 97962 | Depths:2 | Found a one-way gate to the infinite horrors of the Abyss.
 98310 | Orc:2    | Bought a shimmering scale mail for 324 gold pieces
 98310 | Orc:2    | Identified the +5 scale mail of the Dropbear {rN+ Will+}
                  | (You bought it in a shop on level 2 of the Orcish Mines)
 99401 | Depths:2 | Found a runed translucent door.
 99401 | Depths:2 | Noticed Doumn's ghost (veteran GnFi)
 99478 | Depths:2 | Reached XP level 25. HP: 213/223 MP: 41/50
 99628 | Depths:2 | Found a one-way gate leading to the halls of Pandemonium.
100097 | Depths:2 | Killed Doumn's ghost
100184 | Depths:3 | Reached skill level 21 in Spellcasting
100961 | Depths:3 | Found an opulent altar of Gozag.
101673 | Depths:3 | Noticed Frederick
101678 | Depths:3 | Killed Frederick
102296 | Depths:3 | Noticed the Enchantress
102301 | Depths:3 | Killed the Enchantress
103140 | Depths:3 | Found a gateway to a bazaar.
103152 | Bazaar   | Entered a bazaar
103153 | Bazaar   | Found Modufod's Assorted Antiques.
103153 | Bazaar   | Found Zegoecoj's Antique Armour Emporium.
103154 | Bazaar   | Found Ushakk's General Store.
103160 | Bazaar   | Bought a pair of distressingly furry boots for 275 gold
                  | pieces
103160 | Bazaar   | Identified the +0 pair of boots "Sygyfy" {Drain rF++ Str+2
                  | Stlth+} (You bought it in a shop in a bazaar)
103193 | Bazaar   | Bought a scroll of blinking for 262 gold pieces
103196 | Bazaar   | Found Tovic's Weapon Shop.
103258 | Depths:4 | Entered Level 4 of the Depths
103698 | Depths:4 | Found a shimmering blue altar of Sif Muna.
103722 | Depths:4 | Identified the amulet of Ito Hor {RegenMP rC+ rN+ Regen+
                  | Slay+2}
104305 | Depths:4 | Reached skill level 22 in Spellcasting
104615 | Depths:4 | Found a runed translucent door.
104615 | Depths:4 | Noticed lmSkywalker's ghost (adept DrTm)
105249 | Depths:4 | Found a gate to the Realm of Zot.
105347 | Depths:4 | Killed lmSkywalker's ghost
105923 | Tomb:1   | Entered Level 1 of the Tomb of the Ancients
106294 | Tomb:1   | Reached XP level 26. HP: 185/230 MP: 34/51
106550 | Tomb:1   | Noticed a royal mummy
106561 | Tomb:1   | Killed a royal mummy
107066 | Tomb:1   | Reached skill level 23 in Spellcasting
107873 | Zot:1    | Entered Level 1 of the Realm of Zot
107983 | Zot:1    | Noticed an orb of fire
107983 | Zot:1    | Noticed Vv
107997 | Zot:1    | Killed Vv
108005 | Zot:1    | Killed an orb of fire
108104 | Zot:1    | Identified the +2 arbalest "Ushraefe" {flame, Dex+2}
108696 | Zot:1    | Learned a level 5 spell: Summon Mana Viper
108729 | Zot:1    | Noticed an orb of fire
108742 | Zot:1    | Killed an orb of fire
109144 | Zot:2    | Found a transporter.
109717 | Zot:2    | Reached skill level 24 in Spellcasting
109874 | Zot:2    | Identified the +0 ice dragon scales of Tomylog {-Cast rF-
                  | rC++ Regen+ Str+4}
110080 | Zot:2    | Identified the Enchiridion on Kindled Rime
110082 | Zot:2    | Found a transporter.
110084 | Zot:2    | Identified the staff of death "Hank" {*Corrode rElec rF+
                  | rN+ Dex+2}
110084 | Zot:2    | Identified the ring of Casig {rN+ Will+ Str+3}
110084 | Zot:2    | Identified the ring "Cimaf" {rC+ Str+10 Int+3 Dex-2}
110084 | Zot:2    | Identified the +11 long sword "Ymif" {vamp, rPois rC+ Str+4
                  | Int+2}
110474 | Zot:2    | Noticed an orb of fire
110491 | Zot:2    | Noticed an ancient lich
110512 | Zot:2    | Killed an ancient lich
110531 | Zot:2    | Killed an orb of fire
111007 | Zot:3    | Reached skill level 25 in Spellcasting
111190 | Zot:3    | Reached XP level 27. HP: 228/242 MP: 41/54
111243 | Zot:3    | Noticed an orb of fire
111253 | Zot:3    | Killed an orb of fire
111310 | Zot:3    | Reached skill level 5 in Stealth
111697 | Zot:3    | Identified the +3 robe "Kiun" {Fly rC+ MP+9 Int-5}
112595 | Zot:4    | Identified the ring of Kialisuy {Ice rElec Will+ Str-2
                  | Int+6}
113950 | Zot:4    | Identified the ring of Ashenzari's Approval {Fire Drain
                  | Will+ Str+3 Dex+3}
114581 | Zot:5    | Entered Level 5 of the Realm of Zot
115138 | Zot:5    | Noticed a dread lich
115144 | Zot:5    | Killed a dread lich
115144 | Zot:5    | Noticed a dread lich
115401 | Zot:5    | Paralysed by a dread lich for 2 turns
115410 | Zot:5    | Killed a dread lich
115476 | Zot:5    | Noticed an orb of fire
115477 | Zot:5    | Noticed an orb of fire
115486 | Zot:5    | Killed an orb of fire
115487 | Zot:5    | Killed an orb of fire
115488 | Zot:5    | Reached skill level 10 in Stealth
115557 | Zot:5    | Noticed an orb of fire
115565 | Zot:5    | Killed an orb of fire
115661 | Zot:5    | Noticed an orb of fire
115668 | Zot:5    | Killed an orb of fire
115732 | Zot:5    | Noticed an orb of fire
115743 | Zot:5    | Noticed an orb of fire
115745 | Zot:5    | Noticed an ancient lich
115747 | Zot:5    | Killed an orb of fire
115754 | Zot:5    | Killed an orb of fire
115755 | Zot:5    | Noticed a dread lich
115760 | Zot:5    | Killed an ancient lich
116157 | Zot:5    | Killed a dread lich
116580 | Zot:5    | Got the Orb of Zot
116736 | Zot:2    | Noticed Ganavet the pandemonium lord
116741 | Zot:2    | Killed Ganavet the pandemonium lord
116971 | D:15     | Noticed Gimoeck the pandemonium lord
116981 | D:15     | Killed Gimoeck the pandemonium lord
117114 | D:10     | Noticed Duloquosk the pandemonium lord
117119 | D:10     | Killed Duloquosk the pandemonium lord
117436 | D:$      | Escaped with the Orb!

Illustrated notes

Levels and vault maps discovered:
D:1:      lemuel_arrival_behind_the_door_large, layout_basic, serial_aquarium,
          aquarium_bridge_straight [aquarium_subvault_bridge,
          aquarium_subvault_wall, aquarium_subvault_bridge,
          aquarium_subvault_balcony], aquarium_window_2, aquarium_window_fake,
          aquarium_window_fake, aquarium_window_fake, aquarium_view_2f,
          aquarium_balcony_1b, corexii_item_surrounded_by_moat
D:2:      layout_basic, serial_shops, shop_statue,
          nicolae_ecumenical_snake_handling, basic_altar, minmay_misc_feat_tiny,
          st_stairs_13, kennysheep_generic_room_14
D:3:      layout_basic
D:4:      layout_loops_ring, minmay_tree_intersection, kennysheep_potato
D:5:      layout_basic, grunt_temple_overflow_open, uniq_ijyb, uniq_pikel
D:6:      layout_rooms
D:7:      minmay_inner_zag, layout_basic, minmay_temple_entry_grid,
          nicolae_ossuary_entry_false_entrances, small_statue_intersection
D:8:      statuecave_lemuel, layout_rooms, grunt_dithmenos_smoke_and_mirrors,
          lair_entry_dummy, kennysheep_generic_room_6
D:9:      layout_roguey, erik_orc_1, hex_large, hangedman_abyss_or_decor_passed,
          minmay_nine_imps
D:10:     layout_gridville
D:11:     layout_grid_maze, serial_shops, nicolae_diamond_shop, shop,
          nicolae_shop_i_like_small_books_too
D:12:     minmay_the_grid_square_5x5_4x4_mashed
          [minmay_the_grid_square_5x5_corner,
          minmay_the_grid_square_5x5_minivault,
          minmay_the_grid_square_5x5_forky, minmay_the_grid_square_5x5_eight,
          minmay_the_grid_square_5x5_shrine2,
          minmay_the_grid_square_5x5_prize_monsterx,
          minmay_the_grid_square_5x5_prize_rear_guard,
          minmay_the_grid_square_5x5_bite, minmay_the_grid_square_5x5_shuriken,
          minmay_the_grid_square_5x5_prize_itemx,
          minmay_the_grid_square_5x5_prize_gold,
          minmay_the_grid_square_5x5_lines,
          minmay_the_grid_square_5x5_two_walls_b,
          minmay_the_grid_square_5x5_comb, minmay_the_grid_square_5x5_moneybag,
          minmay_the_grid_square_5x5_tetrominoes], layout_layer_cave,
          uniq_kirke, uniq_jorgrun, uniq_rupert, uniq_josephine
D:13:     layout_basic, david_vaults_5, nzn_hepliaklqana_mist_gate
D:14:     layout_basic, nicolae_elevator_lobby_asterisk
D:15:     grunt_enter_depths_giant_problem, layout_irregular_city
Temple:   regret_index_temple_waves
Lair:1:   layout_misc_corridors, gammafunk_ghost_split, beast_lair_carwin_11,
          uniq_amaemon, uniq_prince_ribbit2
Lair:2:   layout_small_grid, nicolae_snake_entry_squirm, gauntlet_entry_generic,
          gammafunk_lair_bear_cave, lemuel_fruit_tree, uniq_erica
Lair:3:   layout_cave_pods, elwin_shoals_entry_stream,
          chequers_serial_rivers_micro_d, chequers_serial_rivers_room_a,
          minmay_hedge_maze
Lair:4:   nzn_winding_woodlands_stair_trap
          [nzn_winding_woodlands_5x15_pathside_ponds,
          nzn_winding_woodlands_5x15_pool, nzn_winding_woodlands_5x15_cabin,
          nzn_winding_woodlands_15x15_thick_spiral,
          nzn_winding_woodlands_5x15_jagged, nzn_winding_woodlands_5x15_zeroes,
          nzn_winding_woodlands_5x15_sawtooth], layout_regular_city,
          dpeg_oklob_1
Lair:5:   guppyfry_lair_end_dragon, layout_regular_city,
          hangedman_lair_caniforms_friends, slime_entry_2,
          gammafunk_ghost_cemetery, serial_bayou_lagoon_b
Shoals:1: layout_shoals
Shoals:2: layout_shoals, hangedman_shoals_cup_caves, uniq_frances
Shoals:3: layout_shoals
Shoals:4: shoals_end_simple, layout_shoals, uniq_polyphemus
Snake:1:  layout_misc_corridors, lemuel_oklob_altar
Snake:2:  layout_basic, guppyfry_snake_island
Snake:3:  layout_cave_shapes, minmay_shop_star
Snake:4:  grunt_snake_rune_serpentine_throne, layout_onion_interference,
          portal_ice_cave_entry_horrid_things, grunt_ministairs_1
Slime:1:  layout_caves
Slime:2:  layout_caves
Slime:3:  layout_caves
Slime:4:  layout_caves, cheibrodos_slime_lost_civilization_5
Slime:5
Orc:1:    layout_caves, basic_altar, bh_open_orc_temple
Orc:2:    grunt_orc_cross, layout_caves, serial_shops,
          nicolae_shop_rolling_square
Elf:1:    minmay_elf_arrival_plus, layout_loops_ring, serial_shops, shop, shop,
          shop, nicolae_shop_crystal, shop, hangedman_elven_crosses_minicolossus
Elf:2:    nicolae_elf_blades_crystal_corner, layout_onion_city, uniq_azrael
Elf:3:    minmay_elf_hall_hex, layout_loops_cross, minmay_elf_annihilation,
          uniq_donald, uniq_roxanne
Vaults:1: advil_vaults_ghost_lines, dpeg_vaults_pockets_of_resistance,
          dpeg_vaults_monster_box, hangedman_vaults_slither, v_rooms_3,
          vaults_room_fancy_cross, nicolae_vaults_shelves_hall, v_misc_29,
          v_misc_1, vaults_dpeg_emergency_exit, layout_vaults_omnicross
Vaults:2: vaults_mumra_bighexcomb, hangedman_vaults_stretched_pinwheel,
          v_rooms_4, ontoclasm_vaults_chip, hangedman_vaults_stream, v_misc_19,
          vaults_room_pool, v_pattern_1, ontoclasm_vaults_misaligned,
          hangedman_vaults_trim, layout_vaults_omnigrid, serial_shops,
          bzr_in_the_mist
Vaults:3: nicolae_vaults_sealed_display, nicolae_vaults_yaktaur_gun_rack,
          nicolae_vaults_big_angled_halls, minmay_crypt_entry_simple_plaza,
          vaults_room_hallway, nicolae_vaults_three_branches, v_rooms_6,
          nicolae_vaults_what_the_h, nicolae_vaults_windows_and_doors_thing,
          v_misc_8, vaults_room_pools, nicolae_vaults_angled_halls,
          layout_vaults_ring, serial_shops, shop_statue, uniq_margery,
          uniq_mennas, uniq_jory
Vaults:4: hangedman_vaults_stagger, nicolae_vaults_puzzle_piece,
          v_alt_pattern_2, v_misc_9, grunt_vaults_funnel,
          ontoclasm_vaults_idyll, nicolae_vaults_murderbox,
          layout_vaults_chaotic_city
Vaults:5: serial_shops
Crypt:1:  layout_chaotic_city, hangedman_weighted_door, grunt_megastairs_5,
          grunt_crypt_arrival_webbed, lemuel_upstairs_altar, uniq_aizul,
          uniq_xtahua
Crypt:2:  layout_misc_corridors, grunt_megastairs_3
Crypt:3:  lightli_unholy_cathedral, layout_chaotic_city,
          nicolae_tomb_entry_grand_gallery
Tomb:1
Depths:1: layout_cave_shapes, chequers_serial_rivers_small_b, grunt_metal_band,
          minmay_hidden_floor, minmay_shop_grove, serial_bayou_shore_b
Depths:2: minmay_mutant_horseshoe, layout_gridlike, enter_ziggurat_a,
          rand_demon_pan_entry_3, hell_entry, gammafunk_ghost_grave,
          abyss_entry, infiniplex_staircase_spiral_double, serial_bayou_shore_b
Depths:3: nicolae_aperiodic_l_corner, layout_gridlike, abyss_entry,
          grunt_gozag_breadcrumbs, serial_shops, bzr_firewalk, hell_entry,
          infiniplex_staircase_zigzag_5, uniq_frederick, uniq_enchantress,
          uniq_josephina
Depths:4: evilmike_zot_entry_hall, layout_basic, hangedman_tar_grid_catacomb,
          hangedman_decor_points, gammafunk_ghost_grave, abyss_entry,
          hangedman_summoners_spam
Zot:1:    layout_basic, lemuel_lake_of_fire, uniq_vv
Zot:2:    gammafunk_dig_for_victory, layout_onion_interference
Zot:3:    layout_misc_corridors, grunt_ministairs_13, nzn_random_ring
Zot:4:    infiniplex_zot_generator, layout_onion_interference,
          grunt_ministairs_9, st_stairs_1
Zot:5:    layout_gridlike, hangedman_zot_decor_slant

Skill      XL: |  1  2  3  4  5  6  7  8  9 10 11 12 13 14 15 16 17 18 19 20 21 22 23 24 25 26 27 |
---------------+----------------------------------------------------------------------------------+-----
Spellcasting   | 3 4 5 6 8 10 12 18 19 20 22 25 | 25.2
Summonings     | 4 5 6 7 9 10 11 14 17 19 20 22 | 22.3
Air Magic      | 1 3 |  3.0
Fighting       | 3 10 14 15 16 17 18 19 20 21 22 23 | 23.0
Armour         | 2 5 6 7 10 12 | 12.7
Dodging        | 3 8 10 11 13 14 15 16 17 19 20 | 20.8
Shields        | 4 5 9 |  9.0
Conjurations   | 9 |  9.7
Stealth        | 3 12 | 12.2
Necromancy     | 7 10 | 10.5
Earth Magic    | 6 8 9 |  9.3

Action                     |  1- 3 |  4- 6 |  7- 9 | 10-12 | 13-15 | 16-18 | 19-21 | 22-24 | 25-27 || total
---------------------------+-------+-------+-------+-------+-------+-------+-------+-------+-------++-------
  Melee: Unarmed           |   161 |    55 |       |       |       |       |       |       |       ||   216
         Punch             |     1 |     2 |       |     1 |     1 |       |       |       |       ||     5
         Hand axe          |       |       |    42 |    35 |    31 |       |       |       |       ||   108
         Quarterstaff      |       |       |       |       |    42 |    70 |   109 |    15 |       ||   236
         Staff             |       |       |       |       |       |       |       |    60 |   132 ||   192
   Cast: Summon Small Mamm |    43 |    16 |    25 |    26 |    99 |    49 |     1 |       |     1 ||   260
         Call Imp          |    12 |    14 |    33 |    34 |    83 |    47 |    11 |       |       ||   234
         Call Canine Famil |       |    13 |    34 |    48 |   137 |   114 |    88 |     1 |     1 ||   436
         Summon Guardian G |       |       |    19 |    66 |   198 |   160 |   113 |     3 |       ||   559
         Summon Lightning  |       |       |    11 |    58 |   194 |   194 |   129 |     3 |     1 ||   590
         Summon Ice Beast  |       |       |       |     3 |    86 |    65 |    43 |       |     1 ||   198
         Spellforged Servi |       |       |       |       |    12 |   162 |   178 |   145 |   138 ||   635
         Stone Arrow       |       |       |       |       |       |     3 |     2 |     4 |     6 ||    15
         Borgnjor's Vile C |       |       |       |       |       |       |   110 |   208 |   223 ||   541
         Lehudib's Crystal |       |       |       |       |       |       |     1 |     1 |       ||     2
         Summon Horrible T |       |       |       |       |       |       |     3 |     3 |     1 ||     7
         Dragon's Call     |       |       |       |       |       |       |       |    36 |    63 ||    99
         Iron Shot         |       |       |       |       |       |       |       |       |     1 ||     1
 Invoke: Curse Item        |       |       |     4 |     4 |     4 |       |       |     3 |     5 ||    20
         Shatter the Chain |       |       |       |     2 |     1 |       |       |     4 |     3 ||    10
  Evoke: Wand              |       |     2 |     3 |    11 |       |     7 |       |     3 |     5 ||    31
         Condenser vane    |       |       |       |       |       |     1 |       |       |       ||     1
    Use: Scroll            |       |     6 |     4 |     1 |     2 |     8 |     3 |     9 |    14 ||    47
   Stab: Distracted        |     1 |     1 |     2 |       |     3 |       |     4 |     6 |    11 ||    28
 Armour: Robe              |    37 |    13 |    11 |     4 |       |       |       |       |       ||    65
         Leather armour    |       |       |       |     6 |    71 |    79 |   103 |    91 |       ||   350
         Acid dragon scale |       |       |       |       |       |       |       |       |   193 ||   193
         Scale mail        |       |       |       |       |       |       |       |       |     9 ||     9
         Quicksilver drago |       |       |       |       |       |       |       |       |     4 ||     4
  Dodge: Dodged            |   143 |    32 |    38 |    61 |   203 |   265 |   364 |   277 |   464 ||  1847
  Block: Other             |       |       |     9 |    22 |    59 |    85 |    81 |    23 |       ||   279
         Reflection        |       |       |     1 |     4 |    12 |    13 |    40 |     7 |       ||    77
         Orb               |       |       |       |       |       |       |       |    38 |    17 ||    55

Table legend: (Time is in decaauts)
 A = Elapsed time spent in this place.
 B = Non-inter-level travel time spent in this place.
 C = Inter-level travel time spent in this place.
 D = Time resting spent in this place.
 E = Time spent auto-exploring this place.
 F = Levels seen in this place.
 G = Mean time per level.
                   A        B        C        D        E       F      G
               +--------+--------+--------+--------+--------+-----+--------+
         Total | 118325 | 108838 |   9487 |  23662 |  59388 |  62 | 1908.5 |
       Dungeon |  25497 |  21646 |   3851 |   5036 |  11976 |  15 | 1699.8 |
        Temple |    281 |    261 |     20 |      0 |    223 |   1 |  281.0 |
          Lair |  11830 |  10522 |   1308 |   1509 |   7091 |   5 | 2366.0 |
        Shoals |   7363 |   7113 |    250 |    496 |   4889 |   4 | 1840.8 |
     Snake Pit |   8867 |   8633 |    234 |   1286 |   5536 |   4 | 2216.8 |
    Slime Pits |   5459 |   5324 |    135 |   2450 |   1786 |   5 | 1091.8 |
  Orcish Mines |   4597 |   4333 |    264 |   1795 |   1795 |   2 | 2298.5 |
   Elven Halls |   6784 |   6605 |    179 |   1208 |   3583 |   3 | 2261.3 |
        Vaults |  20127 |  18843 |   1284 |   5552 |   8407 |   5 | 4025.4 |
         Crypt |   5488 |   4651 |    837 |    216 |   3349 |   3 | 1829.3 |
          Tomb |   1364 |   1359 |      5 |    465 |    230 |   1 | 1364.0 |
        Depths |   9155 |   8687 |    468 |   1099 |   6114 |   4 | 2288.8 |
           Zot |   9092 |   8445 |    647 |   2028 |   3572 |   5 | 1818.4 |
         Abyss |    431 |    431 |      0 |      0 |    151 |   1 |  431.0 |
        Bazaar |    254 |    254 |      0 |      0 |    190 |   2 |  127.0 |
       Ossuary |    480 |    480 |      0 |     10 |    170 |   1 |  480.0 |
      Gauntlet |   1249 |   1249 |      0 |    512 |    325 |   1 | 1249.0 |
               +--------+--------+--------+--------+--------+-----+--------+

Top non-repeatable levels by time:
Vaults:1: 5772 daAuts
    D:11: 4526 daAuts
Vaults:5: 4388 daAuts
 Snake:4: 4065 daAuts
Vaults:3: 3945 daAuts
  Lair:4: 3650 daAuts
  Lair:5: 3381 daAuts
Vaults:2: 3229 daAuts
Depths:3: 3085 daAuts
   Orc:2: 3063 daAuts
   Elf:2: 2827 daAuts
Vaults:4: 2793 daAuts
    D:12: 2599 daAuts
    D:13: 2571 daAuts
   Zot:4: 2570 daAuts
